 Dungeon Crawl Stone Soup version 0.24-a0-451-g263dff2034 (webtiles) character file.

Game seed: 8636087632468458699

100 Gargoyl the Skirmisher (level 4, 0/39 HPs)
             Began as a Centaur Abyssal Knight on June 26, 2019.
             Was a Follower of Lugonu.
             Killed from afar by an orc wizard (8 damage)
             ... with a puff of flame
             ... on level 2 of the Dungeon.
             The game lasted 00:03:38 (2437 turns).

Gargoyl the Skirmisher (Centaur Abyssal Knight)     Turns: 2437, Time: 00:03:38

Health: 0/39       AC:  6    Str: 15    XL:     4   Next: 47%
Magic:  6/6        EV:  7    Int: 11    God:    Lugonu [*.....]
Gold:   137        SH:  0    Dex:  9    Spells: 3/3 levels left

rFire    . . .     SeeInvis .   a - +1 hand axe
rCold    . . .     Gourm    .   (no shield)
rNeg     + . .     Faith    .   g - +0 scale mail (curse)
rPois    .         Spirit   .   (no helmet)
rElec    .         Reflect  .   (no cloak)
rCorr    +         Harm     .   (no gloves)
MR       .....                  (no barding)
Stlth    ..........             (no amulet)
HPRegen  0.13/turn              d - ring of positive energy
MPRegen  0.10/turn              l - ring of resist corrosion

@: very quick
A: large, hooves 3, deformed body, speed 2, tough skin 3
a: Depart the Abyss, Renounce Religion


You were on level 2 of the Dungeon.
You worshipped Lugonu.
Lugonu was aware of your devotion.
You were not hungry.

You visited 1 branch of the dungeon, and saw 3 of its levels.
You visited the Abyss 1 time.

You collected 137 gold pieces.

Inventory:

Hand Weapons
 a - a +1 hand axe (weapon)
Armour
 b - a +0 leather armour
 g - a cursed +0 scale mail (worn)
Jewellery
 d - a ring of positive energy (left hand)
 l - a ring of resist corrosion (right hand)
 q - an uncursed amulet of rage {unknown}
Wands
 h - a wand of iceblast (12)
Scrolls
 f - 3 scrolls of identify
 i - 3 scrolls of enchant weapon {unknown}
 k - a scroll of remove curse {unknown}
 m - 2 scrolls of immolation {unknown}
 n - a scroll of enchant armour {unknown}
 u - 2 scrolls of teleportation {unknown}
Potions
 e - 2 potions of curing {unknown}
 j - a potion of heal wounds {unknown}
 o - a potion of magic {unknown}
 p - a potion of mutation {unknown}
 r - a potion of flight {unknown}
 t - a potion of haste {unknown}
Comestibles
 c - 8 rations
 s - a chunk of flesh


   Skills:
 + Level 3.6 Fighting
 + Level 2.4 Axes
 * Level 2.1 Armour
 * Level 1.2 Dodging
 * Level 2.8 Invocations


You had 3 spell levels left.
You didn't know any spells.
Your spell library was empty.

Dungeon Overview and Level Annotations

Branches:
Dungeon (3/15)

Altars:
Elyvilon
Fedhas
Qazlal


Innate Abilities, Weirdness & Mutations

You have hooves in place of feet.
Armour fits poorly on your strangely shaped body.
You cover ground very quickly.
You have extremely tough skin. (AC +3)


Message History

The orc wizard casts a spell at you. The puff of frost hits you.
The orc wizard begins to cast a cantrip, but forgets the words!
You hit the orc wizard. You kick the orc wizard.
The orc wizard is almost dead.
The orc wizard gestures at you while chanting.
The puff of flame hits you.
You barely miss the orc wizard. Your kick misses the orc wizard.
The orc wizard is almost dead.
The orc wizard hits you but does no damage.
You barely miss the orc wizard.
The orc wizard is almost dead.
The orc wizard gestures at you while chanting.
The puff of frost hits you!
* * * LOW HITPOINT WARNING * * *
You closely miss the orc wizard.
The orc wizard is almost dead.
The orc wizard gestures at you while chanting.
The puff of flame hits you!
You die...

# #..............### #.##.. ##
##.#.........#### #.###.
.####..........#### ##.(..(
.......#..........## ##...##.
..............###..#######....###
#.............# ##...............
#.............#######.####..####.
...........)....>####.........##.
.............##)@o...............
................<..##.....<...##.
#.....#.>...........#.........#..
...##.......######.........)..#.#
§...P.P.#.### ###.####..####.#
≈§..PPP.#.# #.# #.......#
§...._PP#.# #.## #........
≈#.PPPPP..# #..###........
#...PP.#..# ##...........#


You could see an orc wizard.

Vanquished Creatures
  3 adders
  A worm (D:3)
  2 dart slugs
  4 leopard geckos
  5 orcs
  4 bats
  4 giant cockroaches
  6 goblins
  6 hobgoblins
  5 jackals
  A ball python (D:1)
  3 frilled lizards
  4 kobolds
  7 rats
55 creatures vanquished.

Notes
Turn   | Place    | Note
-------+----------+-------------------------------------------
     0 | Abyss:1  | Gargoyl the Centaur Abyssal Knight began the quest for the
                  | Orb.
     0 | Abyss:1  | Reached XP level 1. HP: 19/19 MP: 2/2
    86 | Abyss:1  | Noticed a large abomination
   239 | Abyss:1  | Noticed a small abomination
   272 | Abyss:1  | Noticed a chaos spawn
   278 | Abyss:1  | Noticed a smoke demon
   280 | D:1      | Escaped the Abyss
   489 | D:1      | You fall into a shaft and drop 1 floor!
   500 | D:2      | Found a blossoming altar of Fedhas.
   526 | D:2      | Found a stormy altar of Qazlal.
   540 | D:2      | Reached XP level 2. HP: 20/26 MP: 3/3
   752 | D:1      | Reached skill level 1 in Dodging
   848 | D:1      | Reached * piety under Lugonu
   888 | D:1      | Reached XP level 3. HP: 21/31 MP: 4/4
  1851 | D:3      | Reached XP level 4. HP: 36/39 MP: 5/5
  1980 | D:3      | Found a white marble altar of Elyvilon.
  2437 | D:2      | Killed from afar by an orc wizard

Levels and vault maps discovered:
D:1:      minmay_arrival_three_doors, layout_rooms
D:2:      layout_rooms, grunt_temple_overflow_forces_of_nature,
          minmay_misc_feat_four_crosses, due_unseen_surprise
D:3:      layout_basic, old_standard_altar, mrwooster_statue_mirror

Skill      XL: |  1  2  3 |
---------------+----------+-----
Dodging        | 1 |  1.2
Axes           | 2 |  2.4
Armour         | 2 |  2.1
Fighting       | |  3.6
Invocations    | |  2.8

Action                   |  1- 3 |  4- 6 || total
-------------------------+-------+-------++-------
Melee: Hand axe          |    87 |    51 ||   138
       Kick              |    15 |    10 ||    25
Invok: Depart the Abyss  |     1 |       ||     1
  Use: Scroll            |     3 |       ||     3
       Potion            |     1 |       ||     1
  Eat: Chunk             |     2 |     2 ||     4
Armor: Leather armour    |     7 |       ||     7
       Scale mail        |    54 |    28 ||    82
Dodge: Dodged            |    54 |    21 ||    75

Table legend:
 A = Non-vault XP
 B = Vault XP
 C = Vault XP percentage of total XP
 D = Non-vault monster count
 E = Vault monster count
 F = Vault count percentage of total count
                 A         B        C        D         E       F
            +---------+---------+-------+---------+---------+-------
      Total |     144 |       0 |   0.0 |      55 |       0 |   0.0
            +---------+---------+-------+---------+---------+-------
        D:1 |      27 |       0 |   0.0 |      15 |       0 |   0.0
        D:2 |      62 |       0 |   0.0 |      19 |       0 |   0.0
        D:3 |      55 |       0 |   0.0 |      21 |       0 |   0.0
            +---------+---------+-------+---------+---------+-------
